NCAA
CALIFORNIA GOLDEN BEARS @ CLEMSON TIGERS
03/01/2060
 
TOP OF THE 1ST
California Golden Bears batting - Pitching for Clemson Tigers : LHP Trevor Knebel
Pitching: LHP Trevor Knebel
Batting: RHB Darrin Turner 0-0: Ball
1-0: Ball
2-0: Ball
3-0: Called Strike
3-1: Foul Ball, location: 2F
3-2: Foul Ball, location: 2F
3-2: Foul Ball, location: 2F
3-2: Strikes out looking
Batting: RHB Cristian Stadler 0-0: Ball
1-0: Ball
2-0: Ground out 6-3 (Groundball, 56, EV 98.8 MPH)
Batting: RHB Brian Van Hook 0-0: Called Strike
0-1: SINGLE (Groundball, 56S, EV 67.5 MPH) (infield hit)
Batting: RHB Thalen Lizik 0-0: Ball
1-0: Swinging Strike
1-1: Foul Ball, location: 2F
1-2: Ball
2-2: Strikes out swinging
Top of the 1st over - 0 runs, 1 hit, 0 errors, 1 left on base; California 0 - Clemson 0
BOTTOM OF THE 1ST
Clemson Tigers batting - Pitching for California Golden Bears : RHP Calbert Haynes
Pitching: RHP Calbert Haynes
Batting: SHB Brendan Stafford 0-0: Ball
1-0: Ball
2-0: Called Strike
2-1: Ball
3-1: Called Strike
3-2: Ground out 4-3 (Groundball, 4, EV 106.9 MPH)
Batting: RHB Bryce Zinno 0-0: Ball
1-0: Swinging Strike
1-1: Called Strike
1-2: Ground out 5-3 (Groundball, 5L, EV 105.6 MPH)
Batting: RHB Deontae Dennis 0-0: Ball
1-0: Fly out, F8 (Flyball, 8RM, EV 96.9 MPH)
Bottom of the 1st over - 0 runs, 0 hits, 0 errors, 0 left on base; California 0 - Clemson 0
TOP OF THE 2ND
California Golden Bears batting - Pitching for Clemson Tigers : LHP Trevor Knebel
Batting: RHB Sterling Henry 0-0: Ball
1-0: Ground out U3 (Groundball, 3, EV 86.2 MPH)
Batting: LHB Justyn Pehrson 0-0: Called Strike
0-1: SOLO HOME RUN (Flyball, 78XD, EV 105.0 MPH), Distance : 420 ft
Batting: RHB Wyatt Wassell 0-0: Fly out, F9 (Flyball, 9D, EV 108.8 MPH)
Batting: RHB Griffin Forsee 0-0: Ball
1-0: SINGLE (Groundball, 34D, EV 96.9 MPH)
Batting: LHB Will Shad 0-0: Called Strike
0-1: Called Strike
0-2: Ball
1-2: Ball
2-2: Ball
3-2: Base on Balls
Griffin Forsee to second
Batting: RHB Darrin Turner 0-0: Ball
1-0: Called Strike
1-1: Ball
2-1: Ball
3-1: Fielders Choice at 2nd, 5-4 (Groundball, 5, EV 100.6 MPH)
Top of the 2nd over - 1 run, 2 hits, 0 errors, 2 left on base; California 1 - Clemson 0
BOTTOM OF THE 2ND
Clemson Tigers batting - Pitching for California Golden Bears : RHP Calbert Haynes
Batting: LHB Jay Sharpe 0-0: Ball
1-0: Ball
2-0: Foul Ball, location: 2F
2-1: Swinging Strike
2-2: Ball
3-2: Base on Balls
Batting: RHB Augustus Christensen 0-0: Called Strike
0-1: Foul Ball, location: 2F
0-2: Ball
1-2: Fly out, F7 (Flyball, 78M, EV 86.2 MPH)
Batting: LHB Malik Williams 0-0: Called Strike
0-1: Swinging Strike
0-2: Strikes out swinging
Batting: SHB Layne Cress 0-0: Foul Ball, location: 2F
0-1: Ball
1-1: Ball
2-1: Ball
3-1: Foul Ball, location: 2F
3-2: Fly out, F5 (Popup, 5SF, EV 80.6 MPH)
Bottom of the 2nd over - 0 runs, 0 hits, 0 errors, 1 left on base; California 1 - Clemson 0
TOP OF THE 3RD
California Golden Bears batting - Pitching for Clemson Tigers : LHP Trevor Knebel
Batting: RHB Cristian Stadler 0-0: Reached on error, E6 (Line Drive, 6, EV 67.5 MPH)
Batting: RHB Brian Van Hook 0-0: Called Strike
0-1: Ball
1-1: Called Strike
1-2: Strikes out swinging
Batting: RHB Thalen Lizik 0-0: Called Strike
0-1: Ball
1-1: Ball
2-1: Foul Ball, location: 2F
2-2: Ball
3-2: Foul Ball, location: 2F
3-2: SINGLE (Line Drive, 34D, EV 102.5 MPH)
Cristian Stadler to second
Batting: RHB Sterling Henry 0-0: Called Strike
0-1: Called Strike
0-2: Fly out, F8 (Line Drive, 8RD, EV 86.2 MPH)
Batting: LHB Justyn Pehrson 0-0: Foul Ball, location: 2F
0-1: Ball
1-1: Ball
2-1: Foul Ball, location: 2F
2-2: SINGLE (Groundball, 56D, EV 97.5 MPH)
Cristian Stadler to third
Thalen Lizik to second
Runner from 3rd tries for Home, throw by LF and OUT! 7-2
Top of the 3rd over - 0 runs, 2 hits, 1 error, 2 left on base; California 1 - Clemson 0
BOTTOM OF THE 3RD
Clemson Tigers batting - Pitching for California Golden Bears : RHP Calbert Haynes
Batting: LHB Nat Ayala 0-0: Ball
1-0: Ball
2-0: Ball
3-0: Base on Balls
Batting: RHB Collin Teel 0-0: Called Strike
Nat Ayala steals 2nd base
0-1: Ball
1-1: Swinging Strike
1-2: TRIPLE (Flyball, 89XD, EV 93.8 MPH)
Nat Ayala scores
Batting: SHB Brendan Stafford 0-0: Called Strike
0-1: Ground out 1-3 (Groundball, 13S, EV 69.4 MPH)
Batting: RHB Bryce Zinno 0-0: Called Strike
0-1: Fly out, F2 (Popup, 23F, EV 92.5 MPH)
Batting: RHB Deontae Dennis 0-0: Called Strike
0-1: Called Strike
0-2: Strikes out looking
Bottom of the 3rd over - 1 run, 1 hit, 0 errors, 1 left on base; California 1 - Clemson 1
TOP OF THE 4TH
California Golden Bears batting - Pitching for Clemson Tigers : LHP Trevor Knebel
Batting: RHB Wyatt Wassell 0-0: Ball
1-0: Ball
2-0: Ball
3-0: Called Strike
3-1: Base on Balls
Batting: RHB Griffin Forsee 0-0: Ball
1-0: Called Strike
1-1: Called Strike
1-2: Foul Ball, location: 2F
1-2: Strikes out swinging
Batting: LHB Will Shad Pickoff Throw to First - Out! 1-3
0-0: Fly out, F9 (Flyball, 89D, EV 103.1 MPH)
Top of the 4th over - 0 runs, 0 hits, 0 errors, 0 left on base; California 1 - Clemson 1
BOTTOM OF THE 4TH
Clemson Tigers batting - Pitching for California Golden Bears : RHP Calbert Haynes
Batting: LHB Jay Sharpe 0-0: Foul Ball, location: 2F
0-1: Ball
1-1: Ball
2-1: Ball
3-1: Swinging Strike
3-2: Base on Balls
Batting: RHB Augustus Christensen 0-0: Fly out, F7 (Line Drive, 7S, EV 90.0 MPH)
Batting: LHB Malik Williams 0-0: Foul Ball, location: 2F
0-1: Ball
1-1: Foul Ball, location: 2F
1-2: Foul Ball, location: 2F
1-2: 2-RUN HOME RUN (Flyball, 78XD, EV 104.4 MPH), Distance : 428 ft
Batting: SHB Layne Cress 0-0: Ball
1-0: Ball
2-0: Ball
3-0: Foul Ball, location: 2F
3-1: Base on Balls
Batting: LHB Nat Ayala 0-0: Swinging Strike
0-1: Swinging Strike
0-2: Ball
1-2: Ball
2-2: Ball
3-2: Foul Ball, location: 2F
3-2: Base on Balls
Layne Cress to second
Batting: RHB Collin Teel 0-0: Swinging Strike
0-1: Ball
1-1: Ball
2-1: SINGLE (Line Drive, 7S, EV 105.6 MPH)
Layne Cress to third
Nat Ayala to second
Batting: SHB Brendan Stafford 0-0: Ground out 4-3 (Groundball, 34D, EV 101.2 MPH)
Layne Cress scores
Nat Ayala to third
Collin Teel to second
Batting: RHB Bryce Zinno 0-0: SINGLE (Groundball, 56D, EV 95.0 MPH)
Nat Ayala scores
Collin Teel to third
Runner from 3rd tries for Home, throw by LF and OUT! 7-2
Bottom of the 4th over - 4 runs, 3 hits, 0 errors, 1 left on base; California 1 - Clemson 5
TOP OF THE 5TH
California Golden Bears batting - Pitching for Clemson Tigers : LHP Trevor Knebel
Batting: RHB Darrin Turner 0-0: Called Strike
0-1: Ball
1-1: Ball
2-1: Swinging Strike
2-2: Ball
3-2: Strikes out looking
Batting: RHB Cristian Stadler 0-0: Ball
1-0: Called Strike
1-1: Ball
2-1: Ball
3-1: Base on Balls
Batting: RHB Brian Van Hook 0-0: Swinging Strike
0-1: Called Strike
0-2: Foul Ball, location: 2F
0-2: Ball
1-2: 2-RUN HOME RUN (Flyball, 7D, EV 105.0 MPH), Distance : 394 ft
Pitching: LHP Cody Gronewold
Batting: RHB Thalen Lizik 0-0: Foul Ball, location: 2F
0-1: Ball
1-1: Ball
2-1: Ground out 6-3 (Groundball, 6S, EV 80.0 MPH)
Batting: RHB Sterling Henry 0-0: Called Strike
0-1: Fly out, F8 (Line Drive, 8RM, EV 91.9 MPH)
Top of the 5th over - 2 runs, 1 hit, 0 errors, 0 left on base; California 3 - Clemson 5
BOTTOM OF THE 5TH
Clemson Tigers batting - Pitching for California Golden Bears : RHP Calbert Haynes
Batting: RHB Deontae Dennis 0-0: Swinging Strike
0-1: Called Strike
0-2: Foul Ball, location: 2F
0-2: Strikes out swinging
Batting: LHB Jay Sharpe 0-0: Ball
1-0: Called Strike
1-1: Swinging Strike
1-2: Ground out U3 (Groundball, 3L, EV 83.1 MPH)
Batting: RHB Augustus Christensen 0-0: Called Strike
0-1: Foul Ball, location: 2F
0-2: Foul Ball, location: 2F
0-2: Ground out 5-3 (Groundball, 56, EV 82.5 MPH)
Bottom of the 5th over - 0 runs, 0 hits, 0 errors, 0 left on base; California 3 - Clemson 5
TOP OF THE 6TH
California Golden Bears batting - Pitching for Clemson Tigers : LHP Cody Gronewold
Batting: LHB Justyn Pehrson 0-0: Ball
1-0: Ball
2-0: Ball
3-0: Base on Balls
Batting: RHB Wyatt Wassell 0-0: Ball
1-0: Ball
2-0: Bunt - Flyout to 13 - DP at third! 1-3
Batting: RHB Griffin Forsee 0-0: Ball
1-0: Ball
2-0: Ball
3-0: Called Strike
3-1: Foul Ball, location: 2F
3-2: Foul Ball, location: 2F
3-2: Ground out 6-3 (Groundball, 6S, EV 84.4 MPH)
Top of the 6th over - 0 runs, 0 hits, 0 errors, 0 left on base; California 3 - Clemson 5
BOTTOM OF THE 6TH
Clemson Tigers batting - Pitching for California Golden Bears : RHP Calbert Haynes
Pitching: RHP Jeremiah Saenz
Batting: LHB Malik Williams 0-0: Ball
1-0: Called Strike
1-1: Called Strike
1-2: Foul Ball, location: 2F
1-2: Strikes out swinging
Batting: SHB Layne Cress 0-0: Ball
1-0: Ball
2-0: Called Strike
2-1: SINGLE (Line Drive, 9S, EV 90.6 MPH)
Batting: LHB Nat Ayala 0-0: Ball
1-0: Ball
2-0: Foul Ball, location: 2F
2-1: Foul Ball, location: 2F
2-2: Ball
3-2: Fielders Choice at 2nd, 3-6 (Groundball, 34, EV 85.6 MPH)
Batting: RHB Collin Teel 0-0: Ball
1-0: Ball
2-0: Called Strike
2-1: Ball
3-1: Foul Ball, location: 2F
3-2: Base on Balls
Nat Ayala to second
Batting: SHB Brendan Stafford 0-0: Ball
1-0: Called Strike
1-1: Foul Ball, location: 2F
1-2: SINGLE (Groundball, P, EV 86.9 MPH) (infield hit)
Nat Ayala to third
Collin Teel to second
Batting: RHB Bryce Zinno 0-0: Ball
1-0: Ball
2-0: Called Strike
2-1: GRAND SLAM HOME RUN (Flyball, 78XD, EV 98.1 MPH), Distance : 413 ft
Pitching: RHP Erin Essay
Batting: RHB Deontae Dennis 0-0: Foul Ball, location: 2F
0-1: SINGLE (Groundball, 6D, EV 103.1 MPH)
Batting: LHB Jay Sharpe 0-0: Ball
1-0: Ball
2-0: Ball
3-0: Called Strike
3-1: Base on Balls
Deontae Dennis to second
Batting: RHB Augustus Christensen 0-0: Ball
1-0: Foul Ball, location: 2F
1-1: Ball
2-1: SINGLE (Groundball, 6D, EV 105.6 MPH)
Deontae Dennis to third
Jay Sharpe to second
Runner from 3rd tries for Home, throw by CF and OUT! 8-2
Bottom of the 6th over - 4 runs, 5 hits, 0 errors, 2 left on base; California 3 - Clemson 9
TOP OF THE 7TH
California Golden Bears batting - Pitching for Clemson Tigers : LHP Cody Gronewold
Batting: LHB Will Shad 0-0: Foul Ball, location: 2F
0-1: Ball
1-1: Swinging Strike
1-2: Ground out 6-3 (Groundball, 6, EV 85.0 MPH)
Batting: RHB Darrin Turner 0-0: Ground out 6-3 (Groundball, 6, EV 86.2 MPH)
Batting: RHB Cristian Stadler 0-0: Ball
1-0: Called Strike
1-1: Ball
2-1: Ground out 5-3 (Groundball, 56, EV 106.2 MPH)
Top of the 7th over - 0 runs, 0 hits, 0 errors, 0 left on base; California 3 - Clemson 9
BOTTOM OF THE 7TH
Clemson Tigers batting - Pitching for California Golden Bears : RHP Erin Essay
Batting: LHB Malik Williams 0-0: Called Strike
0-1: Ball
1-1: Ball
2-1: Ball
3-1: Base on Balls
Batting: SHB Layne Cress 0-0: Ball
1-0: Fly out, F6 (Popup, 6S, EV 80.0 MPH)
Batting: LHB Nat Ayala 0-0: Called Strike
0-1: SINGLE (Line Drive, 8LS, EV 95.0 MPH)
Malik Williams to second
Batting: RHB Collin Teel 0-0: SINGLE (Groundball, 6MD, EV 95.0 MPH)
Malik Williams to third
Nat Ayala to second
Runner from 3rd tries for Home, SAFE, throw by CF to home
Pinch Hitting: RHB Owen Bishop 0-0: 3-RUN HOME RUN (Flyball, 78XD, EV 100.6 MPH), Distance : 406 ft
Pitching: RHP Walt Stout
Batting: RHB Bryce Zinno 0-0: Ball
1-0: Swinging Strike
1-1: SINGLE (Line Drive, 78S, EV 88.1 MPH)
Batting: RHB Deontae Dennis 0-0: Fly out, F8 (Flyball, 8LD, EV 95.0 MPH)
Batting: LHB Jay Sharpe 0-0: Ball
1-0: Foul Ball, location: 2F
1-1: Ball
2-1: SINGLE (Line Drive, 89M, EV 90.6 MPH)
Bryce Zinno to second
Runner from 2nd tries for 3rd, OUT! 8-5
Bottom of the 7th over - 4 runs, 5 hits, 0 errors, 1 left on base; California 3 - Clemson 13
TOP OF THE 8TH
California Golden Bears batting - Pitching for Clemson Tigers : LHP Cody Gronewold
Now in LF: Jibri Quiroz
Pinch Hitting: LHB Quintin Arnada 0-0: Called Strike
0-1: Swinging Strike
0-2: Fly out, F3 (Flyball, 3D, EV 88.1 MPH)
Pinch Hitting: RHB Logan Davis 0-0: Foul Ball, location: 2F
0-1: Swinging Strike
0-2: Ground out 5-3 (Groundball, 5, EV 90.0 MPH)
Batting: RHB Sterling Henry 0-0: Ball
1-0: Called Strike
1-1: Ball
2-1: Ball
3-1: Base on Balls
Pinch Hitting: LHB Seth Bertram 0-0: Ball
1-0: Ball
2-0: Called Strike
2-1: Fly out, F7 (Flyball, 7LS, EV 75.0 MPH)
Top of the 8th over - 0 runs, 0 hits, 0 errors, 1 left on base; California 3 - Clemson 13
BOTTOM OF THE 8TH
Clemson Tigers batting - Pitching for California Golden Bears : RHP Walt Stout
Now at 1B: Seth Bertram
Now in LF: Logan Davis
Now in CF: Darrin Turner
Now in RF: Quintin Arnada
Batting: RHB Augustus Christensen 0-0: Ball
1-0: SOLO HOME RUN (Flyball, 78XD, EV 106.9 MPH), Distance : 419 ft
Pinch Hitting: LHB Isaac Phemister 0-0: Called Strike
0-1: Foul Ball, location: 2F
0-2: SINGLE (Line Drive, 9LS, EV 92.5 MPH)
Batting: SHB Layne Cress 0-0: Called Strike
0-1: Foul Ball, location: 2F
0-2: Foul Ball, location: 2F
0-2: Ball
1-2: Ball
2-2: Ball
3-2: Grounds into double play, 4-6-3 (Groundball, 4S, EV 84.4 MPH)
Pitching: RHP Sean Austin
Batting: LHB Nat Ayala 0-0: Called Strike
0-1: Ground out 6-3 (Groundball, 6, EV 90.0 MPH)
Bottom of the 8th over - 1 run, 2 hits, 0 errors, 0 left on base; California 3 - Clemson 14
TOP OF THE 9TH
California Golden Bears batting - Pitching for Clemson Tigers : LHP Cody Gronewold
Now at 1B: Isaac Phemister
Batting: RHB Wyatt Wassell 0-0: Called Strike
0-1: Foul Ball, location: 2F
0-2: Strikes out looking
Pinch Hitting: RHB Nathaniel Heuer 0-0: Called Strike
0-1: Ball
1-1: Called Strike
1-2: Ball
2-2: Foul Ball, location: 2F
2-2: Foul Ball, location: 2F
2-2: Strikes out swinging
Pinch Hitting: RHB Al Kunze 0-0: Called Strike
0-1: Ball
1-1: Called Strike
1-2: Strikes out swinging
Top of the 9th over - 0 runs, 0 hits, 0 errors, 0 left on base; California 3 - Clemson 14
Tuesday, April 16th , 2024 - OOTP Baseball 23.10 Build 110